 Dungeon Crawl Stone Soup version 0.20.1-1-g8b1a95d (webtiles) character file.

17502 Lanoc the Cruncher (level 12, -10/106 HPs)
             Began as a Formicid Chaos Knight on Nov 24, 2017.
             Killed by the raging water
             ... invoked by a water nymph
              (19 damage)
             ... on level 1 of the Shoals.
             The game lasted 01:12:20 (8971 turns).

Lanoc the Cruncher (Formicid Chaos Knight)          Turns: 8971, Time: 01:12:20

Health: -10/106    AC: 25    Str: 20 (21) XL:     12   Next: 83%
Magic:  12/12      EV: 14    Int: 12 (13) God:    Xom [....*.]
Gold:   665        SH:  0    Dex: 10      Spells: 11/11 levels left

rFire    . . .     SeeInvis +   K - +4 quarterstaff (chaos)
rCold    . . .     Gourm    .   (no shield)
rNeg     . . .     Faith    +   F - +4 chain mail {MR+}
rPois    .         Spirit   .   (helmet unavailable)
rElec    +         Reflect  .   L - +0 cloak
rCorr    .         Harm     .   d - +0 pair of gloves
MR       ++...     Clarity  +   (no boots)
Stlth    +.........             t - amulet of faith
Regen    0.3/turn               q - +2 ring of evasion
MPRegen  0.2/turn               j - +3 ring of protection

@: very slow
A: permanent stasis, dig shafts and tunnels, four strong arms, antennae 3,
repulsion field 1, iridescent scales 1, molten scales 1, clarity, sense
surroundings 1, robust 1, shaggy fur 1, electricity resistance
a: Dig, Shaft Self, Renounce Religion


You were on level 1 of the Shoals.
You worshipped Xom.
You were a beloved toy of Xom.
You were not hungry.

You visited 3 branches of the dungeon, and saw 12 of its levels.
You visited the Abyss 1 time.

You collected 665 gold pieces.

Inventory:

Hand Weapons
 a - a +0 spear of chaos
 K - a +4 quarterstaff of chaos (weapon)
Missiles
 n - 5 exploding tomahawks
 D - 5 tomahawks (quivered)
 W - 3 tomahawks of dispersal
Armour
 d - a +0 pair of gloves (worn)
 E - a +1 scale mail of fire resistance
 F - a +4 chain mail of magic resistance (worn)
 L - a +0 cloak (worn)
 O - a +1 robe of magic resistance
Magical Staves
 B - an uncursed staff of conjuration
 M - an uncursed staff of poison
Jewellery
 i - an uncursed ring of positive energy
 j - a +3 ring of protection (right hand)
 q - a +2 ring of evasion (left hand)
 t - an amulet of faith (around neck)
 R - an uncursed ring of positive energy
Wands
 l - a wand of polymorph (17/24)
 x - a wand of random effects (39/48)
 A - a wand of confusion (27/48)
Scrolls
 f - 3 scrolls of identify
 h - a scroll of summoning
 s - a scroll of recharging
 G - 5 scrolls of remove curse
 H - a scroll of fear
 V - 3 scrolls of amnesia
Potions
 e - a potion of cancellation
 g - a potion of brilliance
 m - a potion of mutation
 p - 3 potions of curing
 J - a potion of flight
Comestibles
 b - 5 meat rations
 c - 5 bread rations
 N - 9 fruits
 S - 11 royal jellies


   Skills:
 + Level 10.0 Fighting
 + Level 8.6(11.0) Polearms
 + Level 11.0(12.1) Staves
 + Level 3.6 Throwing
 + Level 8.5 Armour
 + Level 5.4 Dodging
 + Level 8.8 Stealth


You had 11 spell levels left.
You didn't know any spells.

Dungeon Overview and Level Annotations

Branches:
Dungeon (9/15)             Temple (0/1) D:5            Lair (2/6) D:9
 Shoals (1/4) Lair:2
  Snake: Lair:2-4    Spider: Lair:2-4       Orc: D:9-12

Altars:
Cheibriados
Dithmenos
Ru
Uskayaw
Xom

Shops:
D:7 (

Annotations:
D:8 Prince Ribbit


Innate Abilities, Weirdness & Mutations

You cannot be hasted, slowed, berserked, paralysed or teleported.
You can dig through walls and to a lower floor.
Your four strong arms can wield two-handed weapons with a shield.
You have a pair of large antennae on your head. (SInv)
You are surrounded by a mild repulsion field. (EV +2)
You are partially covered in iridescent scales. (AC +2)
You are partially covered in molten scales. (AC +2)
You possess an exceptional clarity of mind.
You passively map a small area around you.
You are robust. (+10% HP)
You are covered in fur. (AC +1)
You are resistant to electric shocks. (rElec)


Message History

You feel much better. The water nymph casts a spell at you.
The water swirls and strikes you!
Your unstable footing causes you to fumble your attack.
The water nymph touches you. The water nymph drowns you!
Your unstable footing causes you to fumble your attack.
Splash!
You fall into the shallow water.
Moving in this stuff is going to be slow.
The water nymph closely misses you. The water nymph touches you.
The water nymph drowns you!
* * * LOW HITPOINT WARNING * * *
The water nymph points at you and mumbles some strange words.
The water swirls and strikes you!
* * * LOW HITPOINT WARNING * * *
You feel better. The water nymph casts a spell at you.
The water swirls and strikes you!
You die...
Xom chortles!

........≈≈≈≈≈......≈≈≈≈
≈≈
≈≈.....≈≈≈....≈≈≈≈≈≈≈≈≈≈
≈ ≈
≈≈.....≈≈≈.....≈≈≈≈≈≈≈≈
≈≈≈....≈≈≈..###.≈≈≈≈≈≈.
* ≈≈≈..#..≈≈..#
#..≈≈..≈. * *
≈≈≈..##.≈≈..###.......#
*
≈≈≈.###≈≈≈.......###..#
≈≈ ≈≈≈≈.[≈≈≈≈≈≈....##
*.≈##
≈)≈≈.≈≈≈≈≈≈≈≈≈≈≈@###≈≈.#
≈≈≈≈.(((.≈≈≈≈≈≈m≈...≈≈.#
≈≈≈≈...##≈≈≈≈≈≈≈≈..≈≈≈.#
*
≈≈≈≈..##.≈≈≈≈≈...≈≈≈≈≈≈.
≈
≈≈≈≈≈≈≈≈≈≈≈..###.≈≈≈≈≈≈≈
, ≈≈≈≈≈≈≈≈≈≈≈≈.#
#..≈≈≈≈≈≈
≈≈≈≈≈≈≈≈≈≈≈..≈.##....≈≈≈
≈≈≈≈≈≈≈.≈≈≈≈≈≈≈. ..###.≈
≈ ≈≈≈≈≈≈≈≈≈≈≈≈≈≈≈≈ .##
.≈


You could see a water nymph.

Vanquished Creatures
  The ghost of DasRunzen the Fighter, a journeyman DsGl of Okawaru (Lair:1)
  A hydra (Lair:2)
  A sea snake (Shoals:1)
  An unseen horror (D:9)
  2 harpies (Shoals:1)
  A manticore (Lair:2)
  The ghost of carlb the Conjurer, a novice NaWz (D:5)
  Psyche (D:9)
  A spiny frog (Lair:2)
  A rime drake (Lair:2)
  A komodo dragon (Lair:2)
  A queen bee (Lair:2)
  2 hippogriffs
  3 snapping turtles (Shoals:1)
  3 wyverns
  5 hogs
  3 yaks (D:9)
  A human (D:8)
  Menkaure (D:4)
  2 water moccasins
  4 porcupines
  2 sky beasts
  An ice beast (D:7)
  A phantom (D:9)
  3 ogres
  A black bear (D:9)
  3 crocodiles
  3 centaurs
  A big kobold (D:8)
  6 bullfrogs
  2 scorpions
  11 killer bees (Lair:2)
  2 howler monkeys (D:9)
  An electric eel (D:9)
  2 crimson imps (D:8)
  A bullfrog zombie (D:7)
  Crazy Yiuf (D:6)
  A centaur zombie (D:9)
  3 hounds
  A jelly (D:6)
  3 orc wizards
  Terence (D:2)
  An iguana (D:9)
  A worker ant (D:4)
  A worker ant zombie (D:7)
  2 gnolls (D:6)
  12 adders
  3 shadow imps
  3 oozes
  2 worms
  A leopard gecko (D:2)
  27 orcs
  A ball python (D:3)
  A giant cockroach (D:1)
  6 goblins
  6 hobgoblins
  10 jackals
  3 quokkas
  7 bats
  7 frilled lizards
  A jackal skeleton (D:4)
  10 kobolds
  11 rats
203 creatures vanquished.

Vanquished Creatures (collateral kills)
  2 hungry ghosts
  An ogre (D:5)
  A crocodile (D:9)
  A scorpion (D:5)
  A fungus (Lair:1)
6 creatures vanquished.

Vanquished Creatures (others)
  2 yaks (D:9)
  2 bullfrog zombies (D:9)
  An orc wizard (D:6)
  2 bushes (D:9)
  3 fungi (D:9)
  11 plants
21 creatures vanquished.

Grand Total: 230 creatures vanquished

Notes
Turn   | Place    | Note
-------+----------+-------------------------------------------
     0 | D:1      | Lanoc the Formicid Chaos Knight began the quest for the Orb.
     0 | D:1      | Reached XP level 1. HP: 18/18 MP: 1/1
    77 | D:1      | Reached XP level 2. HP: 20/25 MP: 2/2
   317 | D:1      | Reached skill level 1 in Dodging
   343 | D:1      | Reached XP level 3. HP: 28/30 MP: 3/3
   356 | D:1      | XOM: harmless Fire miscast
   367 | D:1      | XOM: divination: detect creatures
   748 | D:2      | XOM: silly message
   830 | D:2      | XOM: harmless Hex miscast
   852 | D:2      | XOM: harmless Tmut miscast
   861 | D:2      | Reached XP level 4. HP: 33/37 MP: 4/4
  1075 | D:2      | Noticed Terence
  1079 | D:2      | Killed Terence
  1100 | D:2      | Reached XP level 5. HP: 43/43 MP: 5/5
  1210 | D:2      | XOM: harmless Conj miscast
  1760 | D:3      | XOM is BORED!
  1760 | D:3      | XOM: noise
  1790 | D:3      | Reached XP level 6. HP: 45/49 MP: 6/6
  1842 | D:3      | XOM: god gift: bronze wand {god gift}
  2036 | D:4      | XOM: noise
  2161 | D:4      | XOM: harmless Conj miscast
  2170 | D:4      | Reached skill level 5 in Fighting
  2170 | D:4      | Reached skill level 1 in Stealth
  2297 | D:4      | XOM: noise
  2303 | D:4      | Noticed Menkaure
  2305 | D:4      | XOM: noise
  2311 | D:4      | Killed Menkaure
  2311 | D:4      | Reached skill level 5 in Polearms
  2311 | D:4      | Reached XP level 7. HP: 32/56 MP: 7/7
  2536 | D:4      | Found a sacrificial altar of Ru.
  2575 | D:4      | XOM: harmless Tmut miscast
  2664 | D:4      | XOM: mild Fire miscast
  2867 | D:4      | XOM: god gift: 38 gold pieces
  2928 | D:4      | XOM: scenery: create altars
  3028 | D:5      | XOM: stealth player
  3028 | D:5      | Entered Level 5 of the Dungeon
  3028 | D:5      | Found a shadowy altar of Dithmenos.
  3031 | D:5      | XOM: give mutation
  3031 | D:5      | Gained mutation: Your muscles are strong. (Str +2) [Xom's grace]
  3041 | D:5      | Noticed carlb's ghost (novice NaWz)
  3049 | D:5      | XOM: scenery: create altars
  3053 | D:5      | XOM: confusion
  3054 | D:5      | XOM: enchant monster (good)
  3067 | D:5      | XOM: divination: detect items
  3081 | D:5      | Killed carlb's ghost
  3081 | D:5      | Reached XP level 8. HP: 25/63 MP: 8/8
  3318 | D:5      | Found a snail-covered altar of Cheibriados.
  3371 | D:5      | Found a staircase to the Ecumenical Temple.
  3437 | D:5      | XOM: harmless Necr miscast
  3460 | D:5      | XOM: noise
  3491 | D:5      | XOM: stat loss: -1 Dex (9/10)
  3497 | D:5      | XOM: summons 4 hostile demons
  3498 | D:5      | Noticed a rust devil
  3602 | D:5      | XOM: chaos upgrade
  3603 | D:5      | XOM: mild Tloc miscast
  3604 | D:5      | XOM: summons 3 friendly demons
  3646 | D:5      | XOM: confusion
  3662 | D:5      | XOM: scenery: create altars
  3663 | D:5      | XOM: confuse monster(s)
  3720 | D:5      | XOM: give mutations
  3720 | D:5      | Gained mutation: You are partially covered in iridescent scales. (AC +2) [Xom's grace]
  3720 | D:5      | Gained mutation: You are resistant to electric shocks. (rElec) [Xom's grace]
  3720 | D:5      | Gained mutation: You are partially covered in molten scales. (AC +2) [Xom's grace]
  3720 | D:5      | Gained mutation: You passively map a small area around you. [Xom's grace]
  3854 | D:5      | XOM: harmless Tloc miscast
  3919 | D:6      | Noticed a hog
  3919 | D:6      | an ogre changed into a hog
  3919 | D:6      | XOM: polymorph ogre -> hog
  3936 | D:6      | Killed a hog
  4078 | D:6      | Reached skill level 5 in Stealth
  4166 | D:6      | XOM: polymorph adder -> jelly
  4382 | D:6      | XOM: scenery: create altars
  4446 | D:6      | Found a runed door.
  4504 | D:6      | XOM: polymorph gnoll -> bat
  4597 | D:6      | Noticed Crazy Yiuf
  4610 | D:6      | Killed Crazy Yiuf
  4648 | D:6      | XOM: scenery: 1 doors close
  4696 | D:7      | Found Micvin's Antique Weapon Boutique.
  4763 | D:7      | XOM: cleaving
  4786 | D:7      | Noticed a hippogriff
  4797 | D:7      | Killed a hippogriff
  4797 | D:7      | Reached XP level 9. HP: 64/69 MP: 9/9
  4851 | D:7      | XOM: god gift: runed scale mail {god gift}
  4858 | D:7      | Reached skill level 1 in Staves
  4915 | D:7      | XOM: god gift: shiny chain mail {god gift}
  4921 | D:7      | XOM: give mutations
  4921 | D:7      | Gained mutation: You are covered in fur. (AC +1) [Xom's grace]
  4921 | D:7      | Gained mutation: You possess an exceptional clarity of mind. [Xom's grace]
  4921 | D:7      | Gained mutation: You have sharp fingernails. [Xom's grace]
  4998 | D:7      | XOM: god gift: short smoking staff {god gift}
  5006 | D:7      | XOM: scenery: 2 doors open, 1 doors close
  5332 | D:7      | XOM: summons friendly ufetubus
  5397 | D:7      | Reached skill level 2 in Staves
  5460 | D:8      | XOM: smoke on damage
  5462 | D:8      | XOM: potion effect (agility)
  5476 | D:8      | XOM: divination: detect creatures
  5479 | D:8      | Reached skill level 3 in Staves
  5609 | D:8      | Found a hide-covered altar of Uskayaw.
  5687 | D:8      | XOM: harmless Tmut miscast
  5759 | D:8      | Reached skill level 4 in Staves
  5846 | D:8      | XOM: summons 2 friendly demons
  5854 | D:8      | XOM: potion effect (might)
  5858 | D:8      | XOM: confuse monster(s)
  6054 | D:8      | XOM: enchant monster (good)
  6060 | D:8      | Reached skill level 5 in Staves
  6060 | D:8      | Reached skill level 5 in Armour
  6060 | D:8      | Reached XP level 10. HP: 43/77 MP: 10/10
  6065 | D:8      | XOM: divination: detect items
  6074 | D:8      | Reached skill level 6 in Staves
  6171 | D:8      | Noticed Prince Ribbit
  6171 | D:8      | XOM: confuse monster(s)
  6180 | D:8      | XOM: enchant monster (bad)
  6382 | D:9      | XOM: cast spell 'Summon Hydra'
  6385 | D:9      | Reached skill level 7 in Staves
  6638 | D:9      | XOM: summons friendly white imp
  6665 | D:9      | Found a staircase to the Lair.
  6679 | D:9      | XOM: enchant monster (good)
  6687 | D:9      | Noticed an unseen horror
  6687 | D:9      | a yak changed into an unseen horror
  6687 | D:9      | XOM: polymorph yak -> unseen horror
  6688 | D:9      | XOM: confuse monster(s)
  6701 | D:9      | Killed an unseen horror
  6722 | D:9      | XOM: potion effect (heal wounds)
  6724 | D:9      | XOM: noise
  6733 | D:9      | XOM: enchant monster (good)
  6740 | D:9      | Reached skill level 8 in Staves
  6927 | D:9      | Noticed Psyche
  6933 | D:9      | XOM: confuse monster(s)
  6939 | D:9      | XOM: harmless Conj miscast
  6942 | D:9      | Cast into level 1 of the Abyss (Psyche)
  6952 | D:9      | Escaped the Abyss
  6953 | D:9      | Killed Psyche
  6959 | D:9      | Reached XP level 11. HP: 62/86 MP: 11/11
  7034 | D:9      | XOM: summons 3 hostile demons
  7070 | D:9      | XOM: enchant monster (bad)
  7090 | D:9      | XOM: medium Air miscast
  7130 | D:9      | Reached skill level 1 in Throwing
  7177 | D:9      | Lost mutation: You possess an exceptional clarity of mind. [potion of mutation]
  7177 | D:9      | Lost mutation: Your muscles are strong. (Str +2) [potion of mutation]
  7177 | D:9      | Lost mutation: You have sharp fingernails. [potion of mutation]
  7177 | D:9      | Gained mutation: You are robust. (+10% HP) [potion of mutation]
  7180 | D:9      | XOM: summons 5 hostile demons
  7195 | D:9      | Reached skill level 9 in Staves
  7195 | D:9      | Reached skill level 5 in Dodging
  7195 | D:9      | Reached XP level 12. HP: 104/104 MP: 12/12
  7376 | D:9      | XOM: give mutations
  7376 | D:9      | Gained mutation: You possess an exceptional clarity of mind. [Xom's grace]
  7376 | D:9      | Gained mutation: You are surrounded by a mild repulsion field. (EV +2) [Xom's grace]
  7444 | Lair:1   | Entered Level 1 of the Lair of Beasts
  7444 | Lair:1   | Noticed DasRunzen's ghost (journeyman DsGl)
  7446 | Lair:1   | XOM: summons 5 friendly demons
  7451 | Lair:1   | XOM: cleaving
  7475 | Lair:1   | XOM: enchant monster (good)
  7522 | Lair:1   | Killed DasRunzen's ghost
  7602 | Lair:1   | You fall through a shaft!
  7602 | Lair:2   | Noticed a six-headed hydra
  7603 | Lair:2   | XOM: confuse monster(s)
  7620 | Lair:2   | Killed a six-headed hydra
  7620 | Lair:2   | Reached skill level 10 in Staves
  7686 | Lair:2   | XOM: noise
  7689 | Lair:2   | XOM: harmless Tmut miscast
  7709 | Lair:2   | XOM: swap monsters
  7710 | Lair:2   | XOM: summons friendly quasit
  7766 | Lair:2   | XOM: confuse monster(s)
  7826 | Lair:2   | XOM: noise
  7972 | Lair:2   | XOM: god gift: hand axe {god gift}
  7987 | Lair:2   | XOM: summons 4 hostile shadow creatures
  8032 | Lair:2   | XOM: cloud trail
  8151 | Lair:2   | XOM: repel stairs
  8256 | Lair:2   | XOM: destruction
  8297 | Lair:2   | Found a staircase to the Shoals.
  8338 | Lair:2   | XOM: harmless Tmut miscast
  8382 | Lair:2   | XOM: god gift: knobbly moonstone ring {god gift}
  8529 | Shoals:1 | Entered Level 1 of the Shoals
  8544 | Shoals:1 | XOM: cleaving
  8606 | Shoals:1 | Reached skill level 10 in Fighting
  8748 | Shoals:1 | XOM: mild Tloc miscast
  8944 | Shoals:1 | Noticed a sea snake
  8951 | Shoals:1 | Killed a sea snake
  8951 | Shoals:1 | Reached skill level 11 in Staves
  8970 | Shoals:1 | HP: 1/106 [water nymph/the raging water (25)]
  8971 | Shoals:1 | Killed from afar by a water nymph

Skill      XL: |  1  2  3  4  5  6  7  8  9 10 11 12 |
---------------+-------------------------------------+-----
Dodging        | 1 2 3 4 5 |  5.4
Fighting       | 4 5 6 8 9 10 | 10.0
Polearms       | 4 5 6 7 8 |  8.6
Armour         | 3 4 5 6 7 8 |  8.5
Stealth        | 1 3 5 6 8 |  8.8
Staves         | 5 8 9 11 | 11.0
Throwing       | 3 |  3.6

Action                   |  1- 3 |  4- 6 |  7- 9 | 10-12 || total
-------------------------+-------+-------+-------+-------++-------
Melee: Spear             |   113 |   201 |   152 |       ||   466
       Quarterstaff      |       |       |   117 |   454 ||   571
Throw: Tomahawk          |       |       |     2 |     9 ||    11
Evoke: Wand              |       |       |     1 |       ||     1
  Use: Scroll            |       |       |     7 |    10 ||    17
       Potion            |       |       |       |    20 ||    20
 Stab: Sleeping          |       |     1 |     5 |       ||     6
       Paralysed         |       |       |     9 |       ||     9
       Confused          |       |       |       |     3 ||     3
       Petrifying        |       |       |       |     4 ||     4
       Distracted        |       |       |       |     1 ||     1
       Betrayed ally     |       |       |       |     1 ||     1
  Eat: Chunk             |       |     4 |     5 |     5 ||    14
       Bread ration      |       |       |     2 |     1 ||     3
       Royal jelly       |       |       |     1 |       ||     1
Armor: Leather armour    |    26 |    51 |    76 |       ||   153
       Chain mail        |       |       |    50 |   258 ||   308
       Skin              |       |       |       |    15 ||    15
Dodge: Dodged            |    52 |    73 |   149 |   211 ||   485
